cohdb
Replays
Latest Replays
All Replays
Popular Replays
Top Player Replays
Match Explorer
How It Works
Community
CoH3 Stats
Reddit
Sign in to upload your games and track your stats! →
Sign in with Steam
Match 44280653
Unlisted
Match 44280653
Overview
Messages
Build Orders
End
Construct Infanterie Kompanie
Selects Luftwaffe Battlegroup
Selects Luftwaffe Pioneer Support
Fallschirmpioneer Squad Paradrop
MG 42 Machine Gun Team
GrW 34 Mortar Team
MG 42 Machine Gun Team
Construct Luftwaffe Kompanie
Selects Stuka Strafing Run
Support Elements
Stuka Strafing Run
Wirbelwind Flakpanzer
Luftwaffe Officer Quarters
Stuka Strafing Run
Construct Panzergrenadier Kompanie
Fallschirmpioneer Squad Paradrop
MG 42 Bunker
Nebelwerfer 42 Rocket Launcher Team
Stuka Strafing Run
Selects Fallschirmjäger Squad Paradrop
Selects Stuka Loiter
Stuka Loiter
Construct Panzer Kompanie
Panzer IV Medium Tank
Panzer IV Medium Tank
Stuka Loiter
Side Skirts
Stuka Strafing Run
Panzer Officer Quarters
Joraad
Skankhunt69
Toyota111
mcgrathmathew
MasterWASSIWASSI
3306703113
0
0
Comments
sign in to comment!
No comments posted yet!